SAAA
GRYFINDOR BRAVES @ ALLOWAY HALBERDS
07/28/2030
 
TOP OF THE 1ST
Gryfindor Braves batting - Pitching for Alloway Halberds : RHP Domingo Álvarez
Pitching: RHP Domingo Álvarez
Batting: RHB Damon Newbold 0-0: Ball
1-0: Foul Ball, location: 2F
1-1: Ball
2-1: Foul Ball, location: 2F
2-2: DOUBLE (Line Drive, 7D)
Batting: LHB Cris Gonzáles 0-0: Called Strike
0-1: SINGLE (Flyball, 89S)
Damon Newbold to third
Runner from 3rd tries for Home, SAFE, throw made home
Cris Gonzáles to second
Batting: RHB Paul Penrice 0-0: Ball
1-0: Ground out 5-3 (Groundball, 56S)
Cris Gonzáles to third
Batting: LHB Brent van Schoonhoven 0-0: Ball
1-0: Called Strike
1-1: Swinging Strike
1-2: Ball
2-2: Ball
3-2: Foul Ball, location: 2F
3-2: SINGLE (Flyball, 4D)
Cris Gonzáles scores
Batting: SHB Jake Richardson 0-0: Ball
1-0: Foul Ball, location: 2F
1-1: Swinging Strike
1-2: Ball
2-2: Foul Ball, location: 2F
2-2: Fly out, F7 (Flyball, 7)
Batting: RHB Roy Herring 0-0: Swinging Strike
0-1: Ball
1-1: Ball
2-1: Fly out, F7 (Flyball, 78M)
Top of the 1st over - 2 runs, 3 hits, 0 errors, 1 left on base; Gryfindor 2 - Alloway 0
BOTTOM OF THE 1ST
Alloway Halberds batting - Pitching for Gryfindor Braves : LHP Jorge Cedeño
Pitching: LHP Jorge Cedeño
Now at 2B: Emílio Gonzáles
Batting: RHB Vito Middendorf 0-0: Called Strike
0-1: SINGLE (Line Drive, 9S)
Batting: RHB Dave Ash 0-0: Ball
Vito Middendorf is caught stealing 2nd base
1-0: Called Strike
1-1: Swinging Strike
1-2: Strikes out swinging
Batting: RHB Jerry Yates 0-0: Ball
1-0: Ball
2-0: Ball
3-0: Called Strike
3-1: SINGLE (Line Drive, 4MD)
Batting: RHB Ethan Stanford 0-0: Ball
1-0: Foul Ball, location: 2F
1-1: Swinging Strike
1-2: SINGLE (Line Drive, 34)
Jerry Yates to second
Runner from 2nd tries for 3rd, SAFE, no throw
Batting: RHB Juan Salinas 0-0: Foul Ball, location: 2F
0-1: Ball
1-1: Fielders Choice at 2nd, 6-4 (Groundball, 6)
Bottom of the 1st over - 0 runs, 3 hits, 0 errors, 2 left on base; Gryfindor 2 - Alloway 0
TOP OF THE 2ND
Gryfindor Braves batting - Pitching for Alloway Halberds : RHP Domingo Álvarez
Batting: RHB Javier López 0-0: Ball
1-0: Ball
2-0: Ball
3-0: Base on Balls
Batting: LHB Kyung-chor Pang 0-0: SINGLE (Line Drive, 34D)
Javier López to second
Batting: LHB Micheal Garren 0-0: Ball
1-0: SINGLE (Flyball, 7LS)
Javier López to third
Kyung-chor Pang to second
Batting: SHB Emílio Gonzáles 0-0: Ball
1-0: Ball
2-0: Called Strike
2-1: DOUBLE (Flyball, 8LD)
Javier López scores
Kyung-chor Pang scores
Micheal Garren to third
Batting: LHB Cris Gonzáles 0-0: Foul Ball, location: 2F
0-1: Foul Ball, location: 2F
0-2: Hit by Pitch
Batting: RHB Paul Penrice 0-0: Ball
1-0: Ball
2-0: Fly out, F8 (Flyball, 8LXD)
Runner from 3rd tags up, SCORES, no throw
Batting: LHB Brent van Schoonhoven 0-0: Called Strike
0-1: Foul Ball, location: 2F
0-2: Strikes out swinging
Batting: SHB Jake Richardson 0-0: Foul Ball, location: 2F
0-1: Fly out, F9 (Flyball, 9LS)
Top of the 2nd over - 3 runs, 3 hits, 0 errors, 2 left on base; Gryfindor 5 - Alloway 0
BOTTOM OF THE 2ND
Alloway Halberds batting - Pitching for Gryfindor Braves : LHP Jorge Cedeño
Batting: RHB Jordan Hollins 0-0: Foul Ball, location: 2F
0-1: Foul Ball, location: 2F
0-2: Ball
1-2: Foul Ball, location: 2F
1-2: Foul Ball, location: 2F
1-2: Strikes out looking
Batting: LHB Ricardo Ríos 0-0: Called Strike
0-1: Ball
1-1: Swinging Strike
1-2: Strikes out looking
Batting: RHB Bryan Clifton 0-0: Ball
1-0: SINGLE (Line Drive, 4D)
Batting: RHB Tracy Parker 0-0: Ball
1-0: Swinging Strike
1-1: Ball
2-1: Fly out, F8 (Flyball, 8LD)
Bottom of the 2nd over - 0 runs, 1 hit, 0 errors, 1 left on base; Gryfindor 5 - Alloway 0
TOP OF THE 3RD
Gryfindor Braves batting - Pitching for Alloway Halberds : RHP Domingo Álvarez
Batting: RHB Roy Herring 0-0: Ball
1-0: Swinging Strike
1-1: Ball
2-1: SINGLE (Groundball, 6MD)
Batting: RHB Javier López 0-0: Called Strike
0-1: Called Strike
0-2: Strikes out swinging
Batting: LHB Kyung-chor Pang 0-0: Foul Ball, location: 2F
0-1: Foul Ball, location: 2F
0-2: Ball
1-2: Strikes out swinging
Batting: LHB Micheal Garren 0-0: Called Strike
0-1: Foul Ball, location: 2F
0-2: Strikes out swinging
Top of the 3rd over - 0 runs, 1 hit, 0 errors, 1 left on base; Gryfindor 5 - Alloway 0
BOTTOM OF THE 3RD
Alloway Halberds batting - Pitching for Gryfindor Braves : LHP Jorge Cedeño
Batting: RHB Vito Middendorf 0-0: Foul Ball, location: 2F
0-1: Ball
1-1: Called Strike
1-2: Fly out, F8 (Line Drive, 8LD)
Batting: RHB Dave Ash 0-0: Ball
1-0: Foul Ball, location: 2F
1-1: Swinging Strike
1-2: Strikes out looking
Batting: RHB Jerry Yates 0-0: Ball
1-0: Ball
2-0: Called Strike
2-1: Foul Ball, location: 2F
2-2: Foul Ball, location: 2F
2-2: Strikes out swinging
Bottom of the 3rd over - 0 runs, 0 hits, 0 errors, 0 left on base; Gryfindor 5 - Alloway 0
TOP OF THE 4TH
Gryfindor Braves batting - Pitching for Alloway Halberds : RHP Domingo Álvarez
Batting: SHB Emílio Gonzáles 0-0: Ball
1-0: Reached on error, E1 (Groundball, 15S)
Batting: LHB Cris Gonzáles 0-0: Called Strike
0-1: Ball
1-1: Ball
2-1: Foul Ball, location: 2F
2-2: Ball
3-2: Foul Ball, location: 2F
3-2: Strikes out swinging
Batting: RHB Paul Penrice 0-0: Called Strike
0-1: Ball
1-1: Ball
2-1: Fly out, F8 (Line Drive, 8LD)
Batting: LHB Brent van Schoonhoven 0-0: Called Strike
0-1: Ball
1-1: Ball
2-1: Fly out, F8 (Flyball, 8RM)
Top of the 4th over - 0 runs, 0 hits, 1 error, 1 left on base; Gryfindor 5 - Alloway 0
BOTTOM OF THE 4TH
Alloway Halberds batting - Pitching for Gryfindor Braves : LHP Jorge Cedeño
Batting: RHB Ethan Stanford 0-0: Ball
1-0: Ball
2-0: Foul Ball, location: 2F
2-1: Ball
3-1: Called Strike
3-2: Ground out 6-3 (Groundball, 6M)
Batting: RHB Juan Salinas 0-0: Ball
1-0: Foul Ball, location: 2F
1-1: Ball
2-1: Ball
3-1: Foul Ball, location: 2F
3-2: DOUBLE (Flyball, 89XD)
Batting: RHB Jordan Hollins 0-0: Ball
1-0: Ball
2-0: Foul Ball, location: 2F
2-1: Fly out, F7 (Flyball, 78S)
Batting: LHB Ricardo Ríos 0-0: Ball
1-0: Ball
2-0: Ground out 5-3 (Groundball, 5L)
Bottom of the 4th over - 0 runs, 1 hit, 0 errors, 1 left on base; Gryfindor 5 - Alloway 0
TOP OF THE 5TH
Gryfindor Braves batting - Pitching for Alloway Halberds : RHP Domingo Álvarez
Batting: SHB Jake Richardson 0-0: Foul Ball, location: 2F
0-1: Swinging Strike
0-2: Fly out, F9 (Flyball, 9LM)
Batting: RHB Roy Herring 0-0: Called Strike
0-1: Ball
1-1: Called Strike
1-2: Ground out 4-3 (Groundball, 4S)
Batting: RHB Javier López 0-0: Ball
1-0: Ball
2-0: Fly out, F8 (Flyball, 78D)
Top of the 5th over - 0 runs, 0 hits, 0 errors, 0 left on base; Gryfindor 5 - Alloway 0
BOTTOM OF THE 5TH
Alloway Halberds batting - Pitching for Gryfindor Braves : LHP Jorge Cedeño
Batting: RHB Bryan Clifton 0-0: Called Strike
0-1: Foul Ball, location: 2F
0-2: Ball
1-2: Ball
2-2: Ball
3-2: Foul Ball, location: 2F
3-2: Ground out 5-3 (Groundball, 5)
Batting: RHB Tracy Parker 0-0: Ball
1-0: Foul Ball, location: 2F
1-1: Fly out, F1 (Line Drive, 15)
Batting: RHB Vito Middendorf 0-0: Called Strike
0-1: SOLO HOME RUN (Flyball, 7D), Distance : 398 ft
Batting: RHB Dave Ash 0-0: Called Strike
0-1: Foul Ball, location: 2F
0-2: Fly out, F9 (Flyball, 9)
Bottom of the 5th over - 1 run, 1 hit, 0 errors, 0 left on base; Gryfindor 5 - Alloway 1
TOP OF THE 6TH
Gryfindor Braves batting - Pitching for Alloway Halberds : RHP Domingo Álvarez
Batting: LHB Kyung-chor Pang 0-0: Foul Ball, location: 2F
0-1: Ground out 3-1 (Groundball, 34)
Batting: LHB Micheal Garren 0-0: Foul Ball, location: 2F
0-1: Foul Ball, location: 2F
0-2: Hit by Pitch
Batting: SHB Emílio Gonzáles 0-0: Ball
1-0: Ball
2-0: Ball
3-0: Called Strike
3-1: Base on Balls
Micheal Garren to second
Pitching: RHP Shi-lin Li
Batting: LHB Cris Gonzáles 0-0: Called Strike
0-1: Foul Ball, location: 2F
0-2: Ball
1-2: SINGLE (Line Drive, 6)
Micheal Garren to third
Emílio Gonzáles to second
Batting: RHB Paul Penrice 0-0: Foul Ball, location: 2F
0-1: DOUBLE (Line Drive, 7LM)
Micheal Garren scores
Emílio Gonzáles scores
Cris Gonzáles to third
Batting: LHB Brent van Schoonhoven 0-0: Fly out, F7 (Flyball, 7D)
Runner from 3rd tags up, SCORES, throw made
Batting: SHB Jake Richardson 0-0: Ball
1-0: Ball
2-0: Foul Ball, location: 2F
2-1: Ground out 4-3 (Groundball, 34D)
Top of the 6th over - 3 runs, 2 hits, 0 errors, 1 left on base; Gryfindor 8 - Alloway 1
BOTTOM OF THE 6TH
Alloway Halberds batting - Pitching for Gryfindor Braves : LHP Jorge Cedeño
Batting: RHB Jerry Yates 0-0: Ball
1-0: Ball
2-0: Swinging Strike
2-1: Foul Ball, location: 2F
2-2: Strikes out swinging
Batting: RHB Ethan Stanford 0-0: Foul Ball, location: 2F
0-1: Ball
1-1: Foul Ball, location: 2F
1-2: Ball
2-2: Foul Ball, location: 2F
2-2: Ground out 5-3 (Groundball, 56)
Batting: RHB Juan Salinas 0-0: Ball
1-0: Foul Ball, location: 2F
1-1: Foul Ball, location: 2F
1-2: Ball
2-2: Ball
3-2: Base on Balls
Batting: RHB Jordan Hollins 0-0: Called Strike
0-1: Called Strike
0-2: Ground out 5-3 (Groundball, 56S)
Bottom of the 6th over - 0 runs, 0 hits, 0 errors, 1 left on base; Gryfindor 8 - Alloway 1
TOP OF THE 7TH
Gryfindor Braves batting - Pitching for Alloway Halberds : RHP Shi-lin Li
Batting: RHB Roy Herring 0-0: Called Strike
0-1: Ball
1-1: Ball
2-1: Ball
3-1: Called Strike
3-2: Fly out, F4 (Flyball, 4D)
Batting: RHB Javier López 0-0: Fly out, F7 (Flyball, 7LS)
Batting: LHB Kyung-chor Pang 0-0: Ball
1-0: Ball
2-0: Swinging Strike
2-1: Ball
3-1: Base on Balls
Batting: LHB Micheal Garren 0-0: Ball
1-0: Ball
2-0: Hit by Pitch
Kyung-chor Pang to second
Batting: SHB Emílio Gonzáles 0-0: Ball
Wild Pitch!
Kyung-chor Pang to third
Micheal Garren to second
1-0: Ball
2-0: Ball
3-0: Base on Balls
Batting: LHB Cris Gonzáles 0-0: Ball
1-0: Called Strike
1-1: SINGLE (Groundball, 34D)
Kyung-chor Pang scores
Micheal Garren to third
Emílio Gonzáles to second
Runner from 3rd tries for Home, SAFE, no throw
Batting: RHB Paul Penrice 0-0: Fly out, F6 (Popup, 6)
Top of the 7th over - 2 runs, 1 hit, 0 errors, 2 left on base; Gryfindor 10 - Alloway 1
BOTTOM OF THE 7TH
Alloway Halberds batting - Pitching for Gryfindor Braves : LHP Jorge Cedeño
Batting: LHB Ricardo Ríos 0-0: Reached on error, E3 (Groundball, 34)
Batting: RHB Bryan Clifton 0-0: Ball
1-0: Ball
2-0: SINGLE (Groundball, 56S) (infield hit)
Ricardo Ríos to second
Batting: RHB Tracy Parker 0-0: Ball
1-0: Foul Ball, location: 2F
1-1: Foul Ball, location: 2F
1-2: Foul Ball, location: 2F
1-2: Ball
2-2: Foul Ball, location: 2F
2-2: Ball
3-2: Foul Ball, location: 2F
3-2: SINGLE (Groundball, 6D)
Ricardo Ríos to third
Bryan Clifton to second
Pitching: RHP Niklas Frei
Batting: RHB Vito Middendorf 0-0: Called Strike
0-1: Ball
1-1: Swinging Strike
1-2: Strikes out looking
Batting: RHB Dave Ash 0-0: TRIPLE (Line Drive, 89XD)
Ricardo Ríos scores
Bryan Clifton scores
Tracy Parker scores
Batting: RHB Jerry Yates 0-0: Ball
1-0: Called Strike
1-1: Reached on error, E5 (Groundball, 56)
Dave Ash scores
Batting: RHB Ethan Stanford 0-0: Ball
1-0: Ball
2-0: Ball
3-0: Called Strike
3-1: Base on Balls
Batting: RHB Juan Salinas 0-0: Ball
1-0: Called Strike
1-1: SINGLE (Groundball, 56) (infield hit)
Jerry Yates to third
Ethan Stanford to second
Batting: RHB Jordan Hollins 0-0: Swinging Strike
0-1: Foul Ball, location: 2F
0-2: Fielders Choice at 2nd, 4-6 (Groundball, 4M)
Jerry Yates scores
Ethan Stanford to third
Batting: LHB Ricardo Ríos 0-0: SINGLE (Flyball, 8RS)
Ethan Stanford scores
Jordan Hollins to second
Runner from 2nd tries for 3rd, SAFE, no throw
Pitching: RHP Biff Tannen
Batting: RHB Bryan Clifton 0-0: Called Strike
0-1: Fly out, F9 (Flyball, 89S)
Bottom of the 7th over - 6 runs, 5 hits, 2 errors, 2 left on base; Gryfindor 10 - Alloway 7
TOP OF THE 8TH
Gryfindor Braves batting - Pitching for Alloway Halberds : RHP Shi-lin Li
Pitching: RHP Akihiko Rin
Batting: LHB Brent van Schoonhoven 0-0: Swinging Strike
0-1: Foul Ball, location: 2F
0-2: Foul Ball, location: 2F
0-2: Foul Ball, location: 2F
0-2: Strikes out swinging
Batting: SHB Jake Richardson 0-0: Foul Ball, location: 2F
0-1: Ball
1-1: Swinging Strike
1-2: Ball
2-2: Strikes out swinging
Batting: RHB Roy Herring 0-0: Called Strike
0-1: SINGLE (Flyball, 7LS)
Batting: RHB Javier López 0-0: Ball
1-0: Called Strike
1-1: Ground out 5-3 (Groundball, 56)
Top of the 8th over - 0 runs, 1 hit, 0 errors, 1 left on base; Gryfindor 10 - Alloway 7
BOTTOM OF THE 8TH
Alloway Halberds batting - Pitching for Gryfindor Braves : RHP Biff Tannen
Batting: RHB Tracy Parker 0-0: Ball
1-0: Ball
2-0: Ground out 6-3 (Groundball, 6)
Batting: RHB Vito Middendorf 0-0: Foul Ball, location: 2F
0-1: Ball
1-1: Foul Ball, location: 2F
1-2: Ball
2-2: Fly out, F9 (Flyball, 9)
Batting: RHB Dave Ash 0-0: Ball
1-0: Called Strike
1-1: Fly out, F7 (Flyball, 78S)
Bottom of the 8th over - 0 runs, 0 hits, 0 errors, 0 left on base; Gryfindor 10 - Alloway 7
TOP OF THE 9TH
Gryfindor Braves batting - Pitching for Alloway Halberds : RHP Akihiko Rin
Batting: LHB Kyung-chor Pang 0-0: Ball
1-0: Ball
2-0: Ball
3-0: Base on Balls
Batting: LHB Micheal Garren 0-0: Called Strike
0-1: Ball
1-1: Called Strike
1-2: Strikes out swinging
Batting: SHB Emílio Gonzáles 0-0: Ball
1-0: Ball
2-0: Fielders Choice at 2nd, 1-6 (Groundball, 13S)
Batting: LHB Cris Gonzáles 0-0: Ball
1-0: Foul Ball, location: 2F
1-1: Ball
2-1: 2-RUN HOME RUN (Flyball, 7D), Distance : 393 ft
Batting: RHB Paul Penrice 0-0: Swinging Strike
0-1: Ball
1-1: Swinging Strike
1-2: Strikes out looking
Top of the 9th over - 2 runs, 1 hit, 0 errors, 0 left on base; Gryfindor 12 - Alloway 7
BOTTOM OF THE 9TH
Alloway Halberds batting - Pitching for Gryfindor Braves : RHP Biff Tannen
Batting: RHB Jerry Yates 0-0: Ball
1-0: Called Strike
1-1: Fly out, F4 (Popup, 4)
Batting: RHB Ethan Stanford 0-0: Ball
1-0: Called Strike
1-1: Foul Ball, location: 2F
1-2: Foul Ball, location: 2F
1-2: Ball
2-2: Ball
3-2: Fly out, F8 (Flyball, 78D)
Batting: RHB Juan Salinas 0-0: Called Strike
0-1: Swinging Strike
0-2: Ball
1-2: Ball
2-2: Fly out, F8 (Flyball, 8RS)
Bottom of the 9th over - 0 runs, 0 hits, 0 errors, 0 left on base; Gryfindor 12 - Alloway 7
Sunday, March 18th, 2018 - OOTP Baseball 18.8 Build 76